 Dungeon Sprint DCSS version 0.28-a0-957-g42eb19b844 (webtiles) character file.

Game seed: 2956651235359475372

29 Turgor the Covert (level 3, -2/24 HPs)
             Began as a Vampire Enchanter on Nov 30, 2021.
             Slain by a sky beast (5 damage)
             ... in the Dungeon (Sprint IX: "|||||||||||||||||||||||||||||").
             The game lasted 00:02:17 (76 turns).

Turgor the Covert (Vampire Enchanter)                 Turns: 76, Time: 00:02:18

Health: -2/24      AC:  2    Str:  7    XL:     3   Next: 1%
Magic:  6/6        EV: 12    Int: 17    God:
Gold:   0          SH:  0    Dex: 16    Spells: 6/6 levels left

rFire   . . .      SeeInvis +   a - +1 dagger
rCold   . . .      Faith    .   (no shield)
rNeg    . . .      Spirit   .   b - +0 robe
rPois   .          Reflect  .   (no helmet)
rElec   .          Harm     .   (no cloak)
rCorr   .          Rampage  .   (no gloves)
Will    .....      NoTele   +   (no boots)
Stlth   +++++.....              (no amulet)
HPRegen 0.28/turn               (no ring)
MPRegen 0.10/turn               (no ring)

@: healing quickly
A: alive, fangs 3, see invisible, vampiric 2
a: Exsanguinate


You were in the Dungeon.
You visited 1 branch

Inventory:

Hand Weapons
 a - a +1 dagger (weapon)
Missiles
 h - 3 stones (quivered)
Armour
 b - a +0 robe (worn)
Scrolls
 i - a scroll of blinking
Potions
 c - a potion of invisibility
 d - a potion of curing
 e - a potion of heal wounds
 f - a potion of haste
 g - 2 potions of magic


   Skills:
 - Level 1.1 Short Blades
 - Level 2.1 Dodging
 + Level 10.4 Stealth
 - Level 2.0 Spellcasting
 - Level 4.4 Hexes


You had 6 spell levels left.
You didn't know any spells.
Your spell library contained the following spells:

 Spells                   Type           Power      Damage    Failure   Level
 Confusing Touch          Hex            16%        N/A       10%         3
 Tukima's Dance           Hex            16%        N/A       10%         3
 Ensorcelled Hibernation  Hex/Ice        18%        N/A       12%         2
 Dazzling Flash           Conj/Hex       18%        N/A       24%         3


Dungeon Overview and Level Annotations

Branches:
Dungeon (1/1)

Altars:


Innate Abilities, Weirdness & Mutations

Your natural rate of healing is accelerated.
You have razor-sharp teeth.
You have supernaturally acute eyesight. (SInv)
You are afflicted with vampirism and can become a bat while bloodless.


Message History

Your experience leads to an increase in your attributes!
Increase (S)trength, (I)ntelligence, or (D)exterity?
You feel agile. x2
You can now turn into a vampire bat when bloodless.
The bat zombie closely misses you. The bat zombie misses you.
Okay, then.
Unknown command.
Press: ? - help, v - describe, . - travel
Here: a sky beast The floor.
You hit the sky beast.
The sky beast is lightly wounded.
You closely miss the sky beast.
The sky beast is lightly wounded.
The sky beast closely misses you.
You barely miss the sky beast.
The sky beast is lightly wounded.
The sky beast flickers out of sight for a moment.
The sky beast hits you. The sky beast shocks you.
You closely miss the sky beast.
The sky beast is lightly wounded.
The sky beast hits you but does no damage.
You hit the sky beast but do no damage.
The sky beast is lightly wounded.
You hit the sky beast but do no damage.
The sky beast is lightly wounded.
The sky beast barely misses you.
You hit the sky beast.
The sky beast is lightly wounded.
The sky beast hits you. The sky beast shocks you.
You hit the sky beast but do no damage.
You bite the sky beast, but do no damage.
The sky beast is lightly wounded.
The sky beast closely misses you.
You hit the sky beast but do no damage.
The sky beast is lightly wounded.
The sky beast hits you.
* * * LOW HITPOINT WARNING * * *
The sky beast shocks you.
You die... ▓▓▓▓▓▓▓▓▓▓▓▓▓▓▓▓▓▓ ▓<...')))..'@YZZZ+ ▓▓▓▓▓▓▓▓▓▓▓▓▓▓▓▓▓▓

You could see a sky beast (invisible), a bat zombie, an adder skeleton and a quokka skeleton.

Vanquished Creatures
  An iguana (D)
  A hobgoblin (D)
  3 kobolds (D)
  A rat (D)
6 creatures vanquished.

Notes
Turn   | Place    | Note
-------+----------+-------------------------------------------
     0 | D        | Turgor the Vampire Enchanter began the quest for the Orb.
     0 | D        | Reached XP level 1. HP: 13/13 MP: 3/3
     6 | D        | Reached skill level 5 in Stealth
    16 | D        | Reached skill level 6 in Stealth
    64 | D        | Noticed an iguana
    64 | D        | Noticed a sky beast
    66 | D        | Killed an iguana
    67 | D        | Reached skill level 10 in Stealth
    67 | D        | Reached XP level 2. HP: 19/19 MP: 5/5
    67 | D        | Gained mutation: You are afflicted with vampirism and can
                  | become a bat while bloodless. [Vampire growth]
    67 | D        | Reached XP level 3. HP: 24/24 MP: 6/6
    76 | D        | Slain by a sky beast

Illustrated notes

Levels and vault maps discovered:
D:        linesprint [early_d, line_temple, items_1, d_10, items_2, lair_1,
          lair_end, items_3, orc_1, orc_end, items_4, d_15, swamp_1, shoals_1,
          snake_1, spider_1, d_20, vaults_1, items_5, swamp_end, shoals_end,
          snake_end, spider_end, vaults_end, d_27, items_6, zot_1, zot_end,
          crypt_end, forest_end, elf_end, slime_end, tomb_end, abyss_end,
          pan_hell_end]

Skill      XL: |  1 |
---------------+----+-----
Stealth        | 10 | 10.4
Short Blades   | |  1.1
Dodging        | |  2.1
Spellcasting   | |  2.0
Hexes          | |  4.4

Action                   || total
-------------------------++-------
Melee: Dagger            ||    23
       Bite              ||     2
  Use: Potion            ||     1
 Stab: Sleeping          ||     2
Armor: Robe              ||     2
Dodge: Dodged            ||    11

Table legend: (Time is in decaauts)
 A = Elapsed time spent in this place.
 B = Non-inter-level travel time spent in this place.
 C = Inter-level travel time spent in this place.
 D = Time resting spent in this place.
 E = Time spent auto-exploring this place.
 F = Levels seen in this place.
 G = Mean time per level.
                   A        B        C        D        E       F      G
               +--------+--------+--------+--------+--------+-----+--------+
         Total |     82 |     82 |      0 |     45 |      0 |   1 |   82.0 |
       Dungeon |     82 |     82 |      0 |     45 |      0 |   1 |   82.0 |
               +--------+--------+--------+--------+--------+-----+--------+

Top non-repeatable levels by time:
       D: 82 daAuts
